 Dungeon Crawl Stone Soup version 0.26-b1-32-g5d43845318 (webtiles) character file.

Game seed: 3883786716838583456

160 Borgoz the Cudgeller (level 5, -5/45 HPs)
             Began as a Ghoul Gladiator on Jan 13, 2021.
             Slain by a gnoll
             ... wielding a +0 flail
              (11 damage)
             ... on level 3 of the Dungeon.
             The game lasted 00:02:07 (1382 turns).

Borgoz the Cudgeller (Ghoul Gladiator)              Turns: 1382, Time: 00:02:08

Health: -5/45      AC:  4    Str: 18      XL:     5   Next: 41%
Magic:  4/4        EV: 12    Int:  1 (3)  God:
Gold:   138        SH:  0    Dex:  9 (11) Spells: 4/4 levels left

rFire    . . .     SeeInvis .   a - +0 flail
rCold    + . .     Faith    .   (no shield)
rNeg     + + +     Spirit   .   b - +0 leather armour
rPois    ∞         Reflect  .   c - +0 helmet
rElec    .         Harm     .   (no cloak)
rCorr    .         Rampage  .   (no gloves)
Will     .....                  (no boots)
Stlth    +.........             (no amulet)
HPRegen  0.00/turn              (no ring)
MPRegen  0.09/turn              (no ring)

@: no status effects
A: claws 1, cold resistance 1, negative energy resistance 3, inhibited
regeneration, torment resistance, unbreathing
a: no special abilities


You were on level 3 of the Dungeon.
You visited 1 branch of the dungeon, and saw 3 of its levels.

You collected 138 gold pieces.

Inventory:

Hand Weapons
 a - a +0 flail (weapon)
Missiles
 d - 3 throwing nets (quivered)
Armour
 b - a +0 leather armour (worn)
 c - a +0 helmet (worn)


   Skills:
 * Level 3.5 Fighting
 * Level 3.5 Maces & Flails
 - Level 1.7 Throwing
 * Level 2.0 Armour
 * Level 3.5 Dodging


You had 4 spell levels left.
You didn't know any spells.
Your spell library was empty.

Dungeon Overview and Level Annotations

Branches:
Dungeon (3/15)

Altars:


Innate Abilities, Weirdness & Mutations

You thrive by killing the living.
You are immune to poison.
You have sharp fingernails.
Your flesh is cold resistant. (rC+)
You are immune to negative energy. (rN+++)
You do not regenerate when monsters are visible.
You are immune to unholy pain and torment.
You can survive without breathing.


Message History

You aren't carrying any potions.
You barely miss the gnoll. The gnoll hits you but does no damage.
You sock the gnoll!
The gnoll is severely wounded.
The gnoll barely misses you.
You hit the gnoll.
You kill the gnoll!
You feel better.
Your Armour skill increases to level 2!
You hit the gnoll.
The gnoll is heavily wounded.
The gnoll hits you with a +0 flail!
* * * LOW HITPOINT WARNING * * *
The gnoll barely misses you.
You aren't carrying any potions.
You aren't carrying any scrolls.
Unknown command.
There is an escape hatch in the ceiling here.
The gnoll hits you with a +0 flail!
You die...

....###.......# ..##
##...##..>....##. #...#
)......>.......#.#########...#
#..##.#..........#.##....)...#
#.###o........##.#.# #.....#
#...BSo............# ##.....##
#..####†....<.###..# #?......#
(........).........###.......#
..#####.........@g.g.#.......#
..# ###.#....#####........###
..# .............##......# ...
........####..######.# ..
....... ##...####.# ...[...
###.†g...# . ########


You could see 2 gnolls.

Vanquished Creatures
  An orc priest (D:3)
  An orc wizard (D:2)
  3 adders (D:3)
  2 gnolls (D:3)
  A worm (D:2)
  A dart slug (D:1)
  7 orcs
  8 bats
  5 giant cockroaches
  4 goblins
  4 hobgoblins
  4 frilled lizards
  4 kobolds
  6 rats
51 creatures vanquished.

Notes
Turn   | Place    | Note
-------+----------+-------------------------------------------
     0 | D:1      | Borgoz the Ghoul Gladiator began the quest for the Orb.
     0 | D:1      | Reached XP level 1. HP: 17/17 MP: 0/0
    83 | D:1      | Reached XP level 2. HP: 25/25 MP: 1/1
   681 | D:2      | Reached XP level 3. HP: 29/30 MP: 2/2
   698 | D:2      | Reached skill level 1 in Armour
   902 | D:2      | HP: 1/30 [orc wizard/+0 dagger (2)]
   916 | D:2      | Reached XP level 4. HP: 23/38 MP: 3/3
  1205 | D:3      | Reached XP level 5. HP: 38/45 MP: 4/4
  1382 | D:3      | Slain by a gnoll

Illustrated notes

Levels and vault maps discovered:
D:1:      minmay_arrival_open_corners, layout_rooms, lemuel_another_geyser
D:2:      layout_rooms
D:3:      lemuel_castle_with_subvaults [lemuel_castle_interior_carwin_3],
          layout_rooms, nicolae_qazlal_eye_of_the_storm,
          kennysheep_generic_room_8

Skill      XL: |  1  2  3  4  5 |
---------------+----------------+-----
Maces & Flails | 3 |  3.5
Armour         | 1 2 |  2.0
Dodging        | 3 |  3.5
Fighting       | 3 |  3.5
Throwing       | |  1.7

Action                   |  1- 3 |  4- 6 || total
-------------------------+-------+-------++-------
Melee: Flail             |    80 |    92 ||   172
  Use: Potion            |     1 |     4 ||     5
       Scroll            |       |     3 ||     3
Armor: Leather armour    |    39 |    26 ||    65
Dodge: Dodged            |    60 |    93 ||   153
